PAA
LANNISTER UNITED LIONHEARTS @ MYRTLE BEACH MERMEN
06/10/2021
 
TOP OF THE 1ST
Lannister United Lionhearts batting - Pitching for Myrtle Beach Mermen : RHP José Martínez
Pitching: RHP José Martínez
Batting: LHB Fernando Ramírez 0-0: Called Strike
0-1: Ball
1-1: DOUBLE (Line Drive, 78D)
Batting: RHB Tristan Kuhn 0-0: Ball
1-0: Ground out 1-3 (Groundball, 23)
Fernando Ramírez to third
Batting: LHB Kenko Ueda 0-0: Ball
1-0: SINGLE (Groundball, 56D)
Fernando Ramírez scores
Batting: RHB Gabriel Pérez 0-0: Ball
1-0: Ball
2-0: Foul Ball, location: 2F
2-1: Ball
3-1: Base on Balls
Kenko Ueda to second
Batting: RHB Dave Thompson 0-0: Reached on error, E5 (Groundball, 56)
Kenko Ueda to third
Gabriel Pérez to second
Batting: RHB Darby Carveth 0-0: Called Strike
0-1: SINGLE (Line Drive, 9LS)
Kenko Ueda scores
Gabriel Pérez to third
Dave Thompson to second
Runner from 3rd tries for Home, SAFE, no throw or cutoff
Batting: RHB Edgar Carrillo 0-0: Ball
1-0: SINGLE (Groundball, 6)
Dave Thompson to third
Darby Carveth to second
Runner from 3rd tries for Home, SAFE, throw made home
Batting: RHB Jorge Féliz 0-0: Ball
Wild Pitch!
Darby Carveth to third
Edgar Carrillo to second
1-0: Called Strike
1-1: Called Strike
1-2: SINGLE (Flyball, 3D)
Darby Carveth scores
Edgar Carrillo to third
Batting: RHB Curt Monroe 0-0: Ball
1-0: Ball
2-0: Called Strike
2-1: Fly out, F8 (Flyball, 8RM)
Batting: LHB Fernando Ramírez 0-0: Ball
1-0: Swinging Strike
1-1: Ball
2-1: Ball
3-1: Base on Balls
Jorge Féliz to second
Batting: RHB Tristan Kuhn 0-0: SINGLE (Groundball, 6MD)
Edgar Carrillo scores
Jorge Féliz to third
Fernando Ramírez to second
Runner from 3rd tries for Home, SAFE, no throw or cutoff
Batting: LHB Kenko Ueda 0-0: Fly out, F9 (Line Drive, 9D)
Top of the 1st over - 7 run(s), 6 hit(s), 1 error(s), 2 left on base; Lannister United 7 - Myrtle Beach 0
BOTTOM OF THE 1ST
Myrtle Beach Mermen batting - Pitching for Lannister United Lionhearts : LHP Greg Kelly
Pitching: LHP Greg Kelly
Batting: RHB Scott Peterson 0-0: Called Strike
0-1: Ball
1-1: Called Strike
1-2: Foul Ball, location: 2F
1-2: Ball
2-2: Ball
3-2: Ground out 5-3 (Groundball, 56)
Batting: RHB Javier Robles 0-0: Fly out, F9 (Flyball, 9M)
Batting: RHB Pedro González 0-0: Ball
1-0: Ball
2-0: Ball
3-0: Called Strike
3-1: SINGLE (Groundball, 6MD)
Batting: RHB Álex Rodríguez 0-0: Called Strike
0-1: Swinging Strike
0-2: Ball
1-2: Ball
2-2: Foul Ball, location: 2F
2-2: Foul Ball, location: 2F
2-2: Foul Ball, location: 2F
2-2: Ground out 1-3 (Groundball, 15)
Bottom of the 1st over - 0 run(s), 1 hit(s), 0 error(s), 1 left on base; Lannister United 7 - Myrtle Beach 0
TOP OF THE 2ND
Lannister United Lionhearts batting - Pitching for Myrtle Beach Mermen : RHP José Martínez
Batting: RHB Gabriel Pérez 0-0: Ball
1-0: Ball
2-0: Ball
3-0: Called Strike
3-1: Called Strike
3-2: Foul Ball, location: 2F
3-2: Foul Ball, location: 2F
3-2: Fly out, F2 (Popup, 25F)
Batting: RHB Dave Thompson 0-0: Called Strike
0-1: Ball
1-1: Fly out, F3 (Popup, 4MS)
Batting: RHB Darby Carveth 0-0: Foul Ball, location: 2F
0-1: Ball
1-1: Called Strike
1-2: Strikes out looking
Top of the 2nd over - 0 run(s), 0 hit(s), 0 error(s), 0 left on base; Lannister United 7 - Myrtle Beach 0
BOTTOM OF THE 2ND
Myrtle Beach Mermen batting - Pitching for Lannister United Lionhearts : LHP Greg Kelly
Batting: RHB Kevin Tyler 0-0: Ball
1-0: Swinging Strike
1-1: Foul Ball, location: 2F
1-2: Ball
2-2: Ball
3-2: Ground out 1-3 (Groundball, 13)
Batting: RHB José Caballero 0-0: Called Strike
0-1: Reached on error, E4 (Groundball, 4M)
Batting: RHB António Ruíz 0-0: Ball
1-0: Foul Ball, location: 2F
1-1: SINGLE (Line Drive, 8LS)
José Caballero to third
Runner from 3rd tries for Home, SAFE, no throw or cutoff
Batting: LHB Steven Johnstone 0-0: Swinging Strike
0-1: Ball
1-1: Foul Ball, location: 2F
1-2: Ball
2-2: Ball
3-2: Strikes out swinging
Batting: SHB Val Brown 0-0: Called Strike
0-1: Foul Ball, location: 2F
0-2: SINGLE (Line Drive, 89S)
António Ruíz to second
Batting: RHB Scott Peterson 0-0: Swinging Strike
0-1: Ball
1-1: SINGLE (Line Drive, 6)
António Ruíz to third
Val Brown to second
Runner from 3rd tries for Home, SAFE, throw made at trailing runner, OUT at third!
Bottom of the 2nd over - 2 run(s), 3 hit(s), 1 error(s), 1 left on base; Lannister United 7 - Myrtle Beach 2
TOP OF THE 3RD
Lannister United Lionhearts batting - Pitching for Myrtle Beach Mermen : RHP José Martínez
Batting: RHB Edgar Carrillo 0-0: Called Strike
0-1: Ball
1-1: Ball
2-1: Ball
3-1: Base on Balls
Batting: RHB Jorge Féliz 0-0: Hit by Pitch
Edgar Carrillo to second
Batting: RHB Curt Monroe 0-0: Foul Ball, location: 2F
0-1: Called Strike
0-2: Fly out, F8 (Flyball, 78M)
Batting: LHB Fernando Ramírez 0-0: Called Strike
0-1: Ball
1-1: Swinging Strike
1-2: Foul Ball, location: 2F
1-2: Strikes out looking
Batting: RHB Tristan Kuhn 0-0: Called Strike
0-1: Ball
1-1: Foul Ball, location: 2F
1-2: Foul Ball, location: 2F
1-2: Strikes out swinging
Top of the 3rd over - 0 run(s), 0 hit(s), 0 error(s), 2 left on base; Lannister United 7 - Myrtle Beach 2
BOTTOM OF THE 3RD
Myrtle Beach Mermen batting - Pitching for Lannister United Lionhearts : LHP Greg Kelly
Batting: RHB Javier Robles 0-0: Ground out 1-3 (Groundball, 13S)
Batting: RHB Pedro González 0-0: Ball
1-0: Foul Ball, location: 2F
1-1: SINGLE (Groundball, 56)
Batting: RHB Álex Rodríguez 0-0: Ball
1-0: Ball
2-0: Ball
3-0: Called Strike
3-1: Foul Ball, location: 2F
3-2: Strikes out swinging
Batting: RHB Kevin Tyler 0-0: Called Strike
Pedro González steals 2nd base
0-1: Ball
1-1: Swinging Strike
1-2: Strikes out swinging
Bottom of the 3rd over - 0 run(s), 1 hit(s), 0 error(s), 1 left on base; Lannister United 7 - Myrtle Beach 2
TOP OF THE 4TH
Lannister United Lionhearts batting - Pitching for Myrtle Beach Mermen : RHP José Martínez
Pitching: RHP António Chávez
Batting: LHB Kenko Ueda 0-0: SINGLE (Groundball, 5D)
Batting: RHB Gabriel Pérez 0-0: Ball
1-0: Ball
2-0: Ball
3-0: Base on Balls
Kenko Ueda to second
Batting: RHB Dave Thompson 0-0: Foul Ball, location: 2F
0-1: Called Strike
0-2: Ball
1-2: Foul Ball, location: 2F
1-2: Ball
2-2: Ball
3-2: Base on Balls
Kenko Ueda to third
Gabriel Pérez to second
Batting: RHB Darby Carveth 0-0: Swinging Strike
0-1: Ball
1-1: Swinging Strike
1-2: Fly out, F6 (Popup, 7S)
Batting: RHB Edgar Carrillo 0-0: Called Strike
0-1: Ball
1-1: Ground out 6-3 (Groundball, 6MS)
Kenko Ueda scores
Gabriel Pérez to third
Dave Thompson to second
Batting: RHB Jorge Féliz 0-0: Called Strike
0-1: Ball
1-1: Ball
2-1: Fly out, F8 (Flyball, 8LM)
Top of the 4th over - 1 run(s), 1 hit(s), 0 error(s), 2 left on base; Lannister United 8 - Myrtle Beach 2
BOTTOM OF THE 4TH
Myrtle Beach Mermen batting - Pitching for Lannister United Lionhearts : LHP Greg Kelly
Batting: RHB José Caballero 0-0: Fly out, F8 (Line Drive, 8RS)
Batting: RHB António Ruíz 0-0: Ball
1-0: Swinging Strike
1-1: Foul Ball, location: 2F
1-2: Foul Ball, location: 2F
1-2: Foul Ball, location: 2F
1-2: Ball
2-2: Ball
3-2: Base on Balls
Batting: LHB Steven Johnstone 0-0: Called Strike
0-1: Fielders Choice at 2nd, 6-4 (Groundball, 6)
Batting: SHB Val Brown 0-0: Foul Ball, location: 2F
0-1: Ball
1-1: Ball
2-1: Ball
3-1: Base on Balls
Steven Johnstone to second
Batting: RHB Scott Peterson 0-0: Fielders Choice at 2nd, 5-4 (Groundball, 5)
Bottom of the 4th over - 0 run(s), 0 hit(s), 0 error(s), 1 left on base; Lannister United 8 - Myrtle Beach 2
TOP OF THE 5TH
Lannister United Lionhearts batting - Pitching for Myrtle Beach Mermen : RHP António Chávez
Batting: RHB Curt Monroe 0-0: Ball
1-0: Called Strike
1-1: Ball
2-1: SINGLE (Line Drive, 7S)
Batting: LHB Fernando Ramírez 0-0: Bunt missed!
0-1: Bunt missed!
0-2: Ball
1-2: Fly out, F7 (Line Drive, 7D)
Batting: RHB Tristan Kuhn 0-0: Called Strike
0-1: Foul Ball, location: 2F
0-2: Ball
1-2: Strikes out swinging
Batting: LHB Kenko Ueda 0-0: Ball
1-0: Swinging Strike
1-1: Foul Ball, location: 2F
1-2: Hit by Pitch
Curt Monroe to second
Batting: RHB Gabriel Pérez 0-0: Foul Ball, location: 2F
0-1: Ball
1-1: Ball
2-1: DOUBLE (Line Drive, 5)
Curt Monroe scores
Kenko Ueda to third
Runner from 3rd tries for Home, SAFE, no throw or cutoff
Pitching: RHP Mauro Guzmán
Batting: RHB Dave Thompson 0-0: Ball
1-0: Ball
2-0: DOUBLE (Groundball, 5L)
Gabriel Pérez scores
Batting: RHB Darby Carveth 0-0: Fly out, F8 (Line Drive, 8RM)
Top of the 5th over - 3 run(s), 3 hit(s), 0 error(s), 1 left on base; Lannister United 11 - Myrtle Beach 2
BOTTOM OF THE 5TH
Myrtle Beach Mermen batting - Pitching for Lannister United Lionhearts : LHP Greg Kelly
Batting: RHB Javier Robles 0-0: Called Strike
0-1: Ball
1-1: Ball
2-1: SINGLE (Line Drive, 6M)
Batting: RHB Pedro González 0-0: Grounds into double play, 6-4-3 (Groundball, 6)
Batting: RHB Álex Rodríguez 0-0: SINGLE (Line Drive, 5D)
Batting: RHB Kevin Tyler 0-0: Ball
1-0: Foul Ball, location: 2F
1-1: Ball
2-1: Foul Ball, location: 2F
2-2: Strikes out swinging
Bottom of the 5th over - 0 run(s), 2 hit(s), 0 error(s), 1 left on base; Lannister United 11 - Myrtle Beach 2
TOP OF THE 6TH
Lannister United Lionhearts batting - Pitching for Myrtle Beach Mermen : RHP Mauro Guzmán
Batting: RHB Edgar Carrillo 0-0: Foul Ball, location: 2F
0-1: Swinging Strike
0-2: Ball
1-2: Ball
2-2: Strikes out swinging
Batting: RHB Jorge Féliz 0-0: Called Strike
0-1: Called Strike
0-2: Ball
1-2: Foul Ball, location: 2F
1-2: Foul Ball, location: 2F
1-2: Ball
2-2: Ball
3-2: Fly out, F8 (Flyball, 8RM)
Batting: RHB Curt Monroe 0-0: Ball
1-0: Fly out, F4 (Line Drive, 4)
Top of the 6th over - 0 run(s), 0 hit(s), 0 error(s), 0 left on base; Lannister United 11 - Myrtle Beach 2
BOTTOM OF THE 6TH
Myrtle Beach Mermen batting - Pitching for Lannister United Lionhearts : LHP Greg Kelly
Batting: RHB José Caballero 0-0: Ball
1-0: SINGLE (Line Drive, 8LS)
Batting: RHB António Ruíz 0-0: Called Strike
0-1: Ball
1-1: Foul Ball, location: 2F
1-2: Foul Ball, location: 2F
1-2: Grounds into double play, 6-4-3 (Groundball, 56)
Batting: LHB Steven Johnstone 0-0: Ball
1-0: Foul Ball, location: 2F
1-1: Foul Ball, location: 2F
1-2: Strikes out swinging
Bottom of the 6th over - 0 run(s), 1 hit(s), 0 error(s), 0 left on base; Lannister United 11 - Myrtle Beach 2
TOP OF THE 7TH
Lannister United Lionhearts batting - Pitching for Myrtle Beach Mermen : RHP Mauro Guzmán
Batting: LHB Fernando Ramírez 0-0: Ball
1-0: Called Strike
1-1: Ground out 6-3 (Groundball, 6)
Batting: RHB Tristan Kuhn 0-0: Fly out, F4 (Popup, 4MD)
Batting: LHB Kenko Ueda 0-0: Ball
1-0: Swinging Strike
1-1: Swinging Strike
1-2: Ball
2-2: Ball
3-2: SINGLE (Flyball, 7S)
Batting: RHB Gabriel Pérez 0-0: Ball
1-0: Ball
2-0: Fly out, F7 (Flyball, 78M)
Top of the 7th over - 0 run(s), 1 hit(s), 0 error(s), 1 left on base; Lannister United 11 - Myrtle Beach 2
BOTTOM OF THE 7TH
Myrtle Beach Mermen batting - Pitching for Lannister United Lionhearts : LHP Greg Kelly
Pitching: RHP Freddy Gómez
Batting: SHB Val Brown 0-0: Called Strike
0-1: Ball
1-1: Swinging Strike
1-2: Fly out, F8 (Flyball, 8RM)
Batting: RHB Scott Peterson 0-0: Called Strike
0-1: Ball
1-1: Ball
2-1: Called Strike
2-2: SINGLE (Groundball, 34D)
Batting: RHB Javier Robles 0-0: Ground out 6-3 (Groundball, 56D)
Scott Peterson to second
Batting: RHB Pedro González 0-0: Ball
1-0: Ball
2-0: Ball
3-0: Base on Balls
Batting: RHB Álex Rodríguez 0-0: Ball
1-0: Ball
2-0: Foul Ball, location: 2F
2-1: Ground out 1-3 (Groundball, 15)
Bottom of the 7th over - 0 run(s), 1 hit(s), 0 error(s), 2 left on base; Lannister United 11 - Myrtle Beach 2
TOP OF THE 8TH
Lannister United Lionhearts batting - Pitching for Myrtle Beach Mermen : RHP Mauro Guzmán
Batting: RHB Dave Thompson 0-0: Called Strike
0-1: Ball
1-1: Ball
2-1: Foul Ball, location: 2F
2-2: Ball
3-2: Foul Ball, location: 2F
3-2: DOUBLE (Flyball, 8LXD)
Pitching: LHP Pedro Aquino
Batting: RHB Darby Carveth 0-0: Ball
1-0: Foul Ball, location: 2F
1-1: Called Strike
1-2: Ball
2-2: Foul Ball, location: 2F
2-2: SINGLE (Line Drive, 9S)
Dave Thompson to third
Batting: RHB Edgar Carrillo 0-0: Ball
1-0: Ball
2-0: Foul Ball, location: 2F
2-1: Fly out, F9 (Line Drive, 89M)
Runner from 3rd tags up, SCORES, throw made
Batting: RHB Jorge Féliz 0-0: Swinging Strike
0-1: Foul Ball, location: 2F
0-2: Ball
1-2: SINGLE (Flyball, 8RS)
Darby Carveth to second
Batting: RHB Curt Monroe 0-0: Ball
1-0: Ball
2-0: Called Strike
2-1: Fly out, F7 (Flyball, 7M)
Batting: LHB Fernando Ramírez 0-0: Ground out 1-3 (Groundball, 15)
Top of the 8th over - 1 run(s), 3 hit(s), 0 error(s), 2 left on base; Lannister United 12 - Myrtle Beach 2
BOTTOM OF THE 8TH
Myrtle Beach Mermen batting - Pitching for Lannister United Lionhearts : RHP Freddy Gómez
Now at C: Carlos Pacheco
Batting: RHB Kevin Tyler 0-0: Ball
1-0: Fly out, F4 (Popup, 4D)
Pinch Hitting: SHB Jim Unknown 0-0: Called Strike
0-1: Called Strike
0-2: Ball
1-2: Foul Ball, location: 2F
1-2: SINGLE (Line Drive, 8LS)
Batting: RHB António Ruíz 0-0: Ball
1-0: Ball
2-0: Foul Ball, location: 2F
2-1: Foul Ball, location: 2F
2-2: Ball
3-2: SINGLE (Line Drive, 6M)
Jim Unknown to second
Batting: LHB Steven Johnstone 0-0: Swinging Strike
0-1: SINGLE (Line Drive, 56D)
Jim Unknown to third
António Ruíz to second
Runner from 3rd tries for Home, SAFE, throw made home
António Ruíz to third
Steven Johnstone to second
Batting: SHB Val Brown 0-0: Called Strike
0-1: Foul Ball, location: 2F
0-2: Ball
1-2: Strikes out swinging
Batting: RHB Scott Peterson 0-0: Called Strike
0-1: Foul Ball, location: 2F
0-2: Foul Ball, location: 2F
0-2: Ball
1-2: SINGLE (Line Drive, 6M)
António Ruíz scores
Steven Johnstone to third
Runner from 3rd tries for Home, SAFE, no throw or cutoff
Batting: RHB Javier Robles 0-0: Ground out 6-3 (Groundball, 6)
Bottom of the 8th over - 3 run(s), 4 hit(s), 0 error(s), 1 left on base; Lannister United 12 - Myrtle Beach 5
TOP OF THE 9TH
Lannister United Lionhearts batting - Pitching for Myrtle Beach Mermen : LHP Pedro Aquino
Now in CF: Ryan Carr
Batting: RHB Tristan Kuhn 0-0: Ball
1-0: Foul Ball, location: 2F
1-1: Foul Ball, location: 2F
1-2: Ball
2-2: Fly out, F7 (Flyball, 7M)
Batting: LHB Kenko Ueda 0-0: Fly out, F8 (Line Drive, 8RM)
Batting: RHB Gabriel Pérez 0-0: Called Strike
0-1: Swinging Strike
0-2: Foul Ball, location: 2F
0-2: Fly out, F5 (Popup, 5F)
Top of the 9th over - 0 run(s), 0 hit(s), 0 error(s), 0 left on base; Lannister United 12 - Myrtle Beach 5
BOTTOM OF THE 9TH
Myrtle Beach Mermen batting - Pitching for Lannister United Lionhearts : RHP Freddy Gómez
Batting: RHB Pedro González 0-0: Fly out, F5 (Popup, 5SF)
Batting: RHB Álex Rodríguez 0-0: Called Strike
0-1: Ball
1-1: Ball
2-1: Ball
3-1: Base on Balls
Pinch Hitting: SHB David Vázquez 0-0: Ball
1-0: SINGLE (Groundball, 34)
Álex Rodríguez to second
Runner from 2nd tries for 3rd, SAFE, throw made to third
Batting: RHB Ryan Carr 0-0: Fielders Choice at 2nd, 6-4 (Groundball, 56)
Álex Rodríguez scores
Pitching: LHP Manuel Franco
Batting: RHB António Ruíz 0-0: Called Strike
0-1: Swinging Strike
0-2: Strikes out swinging
Bottom of the 9th over - 1 run(s), 1 hit(s), 0 error(s), 1 left on base; Lannister United 12 - Myrtle Beach 6
This league is powered by Out of the Park Baseball, the baseball management simulation game for PC, Mac and Linux
Friday, January 22nd, 2016 - OOTP Baseball 16.9 Build 39